 Dungeon Crawl Stone Soup version 0.23-a0-644-gb60d84b635 (webtiles) character file.

2646 Adamkad1 the Skirmisher (level 9, -7/72 HPs)
             Began as a Mummy Fighter on Jan 1, 2019.
             Was an Initiate of Gozag.
             Mangled by a troll (9 damage)
             ... on level 8 of the Dungeon.
             The game lasted 00:10:40 (8195 turns).

Adamkad1 the Skirmisher (Mummy Fighter)             Turns: 8195, Time: 00:10:41

Health: -7/72      AC: 10    Str: 27    XL:     9   Next: 36%
Magic:  9/9        EV: 13    Int:  8    God:    Gozag
Gold:   245        SH: 11    Dex: 16    Spells: 8/8 levels left

rFire    . . .     SeeInvis .   a - +1 flail
rCold    + + .     Gourm    .   c - +0 shield
rNeg     + + +     Faith    .   b - +1 scale mail
rPois    ∞         Spirit   .   h - +1 hat
rElec    +         Reflect  .   i - +0 cloak
rCorr    +         Harm     .   (no gloves)
MR       +....                  (no boots)
Stlth    +.........             k - amulet of magic regeneration
HPRegen  0.22/turn              (no ring)
MPRegen  0.36/turn              (no ring)

@: mighty, agile, resistant
A: no food or potions, fire vulnerability, cold resistance 1, negative energy
resistance 3, torment resistance, unbreathing
a: Potion Petition, Call Merchant, Bribe Branch, Renounce Religion


You were on level 8 of the Dungeon.
You worshipped Gozag.
Gozag was aware of your devotion.
You were not hungry.

You visited 2 branches of the dungeon, and saw 10 of its levels.
You also visited: Ossuary.

You collected 788 gold pieces.
You paid 543 gold pieces to Gozag.

Inventory:

Hand Weapons
 a - a +1 flail (weapon)
Armour
 b - a +1 scale mail (worn)
 c - a +0 shield (worn)
 h - a +1 hat (worn)
 i - a +0 cloak (worn)
Jewellery
 k - an amulet of magic regeneration (around neck)
 q - a cursed ring of attention {unknown}
Wands
 l - a wand of acid (7)
 o - a wand of iceblast (9)
 r - a wand of paralysis (10)
Scrolls
 d - 7 scrolls of identify
 e - 9 scrolls of teleportation
 f - a scroll of remove curse
 j - a scroll of enchant weapon
 m - a scroll of blinking {unknown}
 n - a scroll of amnesia
 p - a scroll of immolation {unknown}


   Skills:
 * Level 7.0 Fighting
 * Level 5.5 Maces & Flails
 * Level 5.9 Armour
 * Level 5.8 Shields


You had 8 spell levels left.
You didn't know any spells.
Your spell library contained the following spells:

 Spells                   Type           Power        Failure   Level  Hunger
 Magic Dart               Conj           #...         96%         1    N/A
 Blink                    Tloc           N/A          99%         2    N/A
 Call Imp                 Summ           #.......     99%         2    N/A
 Slow                     Hex            #.......     99%         2    N/A
 Conjure Flame            Conj/Fire      #.......     100%        3    N/A
 Mephitic Cloud           Conj/Pois/Air  #.......     100%        3    N/A

Dungeon Overview and Level Annotations

Branches:
Dungeon (9/15)             Temple (1/1) D:6
   Lair: D:8-11         Orc: D:9-12

Altars:
Ashenzari
Cheibriados
Fedhas
Gozag
Hepliaklqana
Makhleb
Nemelex Xobeh
Ru
Trog
Vehumet
Xom
Zin

Annotations:
D:8 Harold


Innate Abilities, Weirdness & Mutations

You do not eat or drink.
Your flesh is vulnerable to fire.
You are immune to poison.
Your flesh is cold resistant. (rC+)
You are immune to negative energy. (rN+++)
You are immune to unholy pain and torment.
You can survive without breathing.


Message History

The troll completely misses you. You block the troll's attack.
The troll claws you.
* * * LOW HITPOINT WARNING * * *
You barely miss the troll. You block the troll's attack.
The troll completely misses you. The troll claws you.
* * * LOW HITPOINT WARNING * * *
You see here a scroll of teleportation.
You see here 6 gold pieces.
You see here a scroll of teleportation.
You see here 6 gold pieces.
Okay, then.
You block the troll's attack. x2; The troll claws you!
* * * LOW HITPOINT WARNING * * *
Okay, then.
As you read the scroll labeled LYECAI POMUDULI, it crumbles to dust.
It is a scroll of enchant armour.
Your +0 scale mail glows green for a moment.
The troll bites you!
You die...
Your body crumbles into a pile of gold.

#..........# ..
#..........# ...
#..........# ....
##$.#.###### ...=##
#.$##.# #
#...###.###.#
...##...?.# #.#
#......#####.#####
#####$@T.........#
#..######.###....
#... #...# .. ...#.
#.### #.## #.##.##
... #.#...
........##....#
........##.#..#######
...................#


You could see a troll.

Vanquished Creatures
  Grinder (D:4)
  A hippogriff (D:8)
  A hungry ghost (D:7)
  An orc warrior (D:6)
  A phantom (D:7)
  An ogre (D:4)
  2 centaurs
  A bullfrog (D:6)
  A wyvern skeleton (D:6)
  A scorpion (D:7)
  A killer bee (D:8)
  3 howler monkeys
  4 crimson imps
  4 centaur zombies
  A bullfrog zombie (D:6)
  A bullfrog skeleton (D:3)
  2 human zombies (Ossuary)
  4 hounds
  A quasit (D:7)
  3 orc priests
  7 orc wizards
  3 iguanas
  4 worker ants
  2 ogre zombies (Ossuary)
  A big kobold zombie (Ossuary)
  7 mummies (Ossuary)
  5 gnolls
  7 adders
  3 shadow imps
  An ooze (D:4)
  3 adder zombies
  A worm (D:2)
  A dart slug (D:2)
  4 leopard geckos
  28 orcs
  3 ball pythons
  3 giant cockroaches
  5 goblins
  9 hobgoblins
  2 jackals (D:2)
  3 kobolds
  A quokka (D:5)
  5 bats
  7 frilled lizards
  A goblin zombie (Ossuary)
  4 hobgoblin zombies (Ossuary)
  3 kobold zombies (Ossuary)
  An orc zombie (Ossuary)
  7 quokka zombies (Ossuary)
  7 rats
  4 rat zombies (Ossuary)
177 creatures vanquished.

Notes
Turn   | Place    | Note
-------+----------+-------------------------------------------
     0 | D:1      | Adamkad1 the Mummy Fighter began the quest for the Orb.
     0 | D:1      | Reached XP level 1. HP: 18/18 MP: 1/1
   129 | D:1      | Reached XP level 2. HP: 17/24 MP: 2/2
   923 | D:2      | Reached XP level 3. HP: 25/29 MP: 3/3
  1237 | D:2      | Reached XP level 4. HP: 36/36 MP: 4/4
  1653 | D:3      | Reached XP level 5. HP: 23/42 MP: 5/5
  1714 | D:3      | Reached skill level 4 in Fighting
  1974 | D:3      | Reached XP level 6. HP: 48/48 MP: 6/6
  2014 | D:3      | Found a sparkling altar of Nemelex Xobeh.
  2789 | D:4      | Noticed Grinder
  2792 | D:4      | Paralysed by Grinder for 4 turns
  2825 | D:4      | Killed Grinder
  2825 | D:4      | Reached XP level 7. HP: 26/55 MP: 7/7
  3049 | D:3      | Reached skill level 5 in Fighting
  3517 | D:5      | Entered Level 5 of the Dungeon
  3536 | D:5      | Found a sacrificial altar of Ru.
  3933 | D:5      | Found a shattered altar of Ashenzari.
  4544 | D:6      | Found a sand-covered staircase.
  4735 | D:6      | Found a shattered altar of Ashenzari.
  4759 | D:6      | Found a staircase to the Ecumenical Temple.
  4765 | Temple   | Entered the Ecumenical Temple
  4813 | Temple   | Became a worshipper of Gozag Ym Sagoz the Greedy
  5016 | D:6      | Reached XP level 8. HP: 57/63 MP: 8/8
  5026 | Ossuary  | Entered an ossuary
  5895 | D:6      | Reached skill level 6 in Fighting
  5895 | D:6      | Reached skill level 5 in Armour
  5895 | D:6      | Reached skill level 5 in Shields
  6947 | D:7      | Reached skill level 5 in Maces & Flails
  7072 | D:7      | You fall through a shaft for 2 floors!
  7075 | D:9      | Noticed a troll
  7434 | D:7      | Reached XP level 9. HP: 68/71 MP: 9/9
  7831 | D:8      | Noticed Harold
  7836 | D:8      | Noticed a troll
  8155 | D:8      | Reached skill level 7 in Fighting
  8162 | D:8      | HP: 3/72 [troll (5)]
  8193 | D:8      | HP: 1/72 [troll (8)]
  8195 | D:8      | Mangled by a troll

Vault maps used:
D:1:      nicolae_arrival_memento_mori, kennysheep_minor_cross
D:3:      nemelex_spade_bored_becter
D:4:      uniq_grinder
D:5:      first_ration, basic_altar, nicolae_ru_awakened_eye
D:6:      ashenzari_altar_1, minmay_temple_entry_hall,
          nicolae_ossuary_entry_plus
D:8:      kb_rosetta, uniq_harold
D:9:      david_nohive_1
Temple:   minmay_crystal_snake_temple
Ossuary:  ossuary_boxes_badplayer

Skill      XL: |  1  2  3  4  5  6  7  8  9 |
---------------+----------------------------+-----
Maces & Flails | 2 3 4 5 |  5.5
Armour         | 3 4 5 |  5.9
Shields        | 3 4 5 |  5.8
Fighting       | 4 5 6 7 |  7.0

Action                   |  1- 3 |  4- 6 |  7- 9 || total
-------------------------+-------+-------+-------++-------
Melee: Flail             |   149 |   207 |   595 ||   951
Invok: Potion Petition   |       |       |     2 ||     2
  Use: Scroll            |       |       |     8 ||     8
 Stab: Distracted        |       |       |     4 ||     4
Armor: Scale mail        |   103 |    92 |   244 ||   439
Dodge: Dodged            |    62 |    51 |   162 ||   275
Block: Shield            |   112 |    94 |   303 ||   509

Table legend:
 A = Non-vault XP
 B = Vault XP
 C = Vault XP percentage of total XP
 D = Non-vault monster count
 E = Vault monster count
 F = Vault count percentage of total count
                 A         B        C        D         E       F
            +---------+---------+-------+---------+---------+-------
      Total |    2741 |    1040 |  27.5 |     137 |      40 |  22.6
            +---------+---------+-------+---------+---------+-------
        D:1 |      25 |       0 |   0.0 |      14 |       0 |   0.0
        D:2 |      77 |       0 |   0.0 |      26 |       0 |   0.0
        D:3 |     333 |       0 |   0.0 |      30 |       0 |   0.0
        D:4 |     331 |     262 |  44.2 |      12 |       1 |   7.7
        D:5 |     190 |       0 |   0.0 |      12 |       0 |   0.0
        D:6 |     813 |       0 |   0.0 |      25 |       0 |   0.0
        D:7 |     725 |       0 |   0.0 |      14 |       0 |   0.0
        D:8 |     247 |     320 |  56.4 |       4 |       2 |  33.3
    Ossuary |       0 |     458 | 100.0 |       0 |      37 | 100.0
            +---------+---------+-------+---------+---------+-------
